 Dungeon Crawl Stone Soup version 0.27.1-3-gb3d3a73c9e (webtiles) character file.

Game seed: 13044536967315062701

228661 Crownlay the Warrior (level 20, -10/158 HPs)
             Began as a Formicid Fighter on Oct 17, 2021.
             Was the Champion of Hepliaklqana.
             Mangled by an azure jelly (35 damage)
             ... in an ice cave.
             The game lasted 01:32:07 (38947 turns).

Crownlay the Warrior (Formicid Fighter)            Turns: 38947, Time: 01:32:07

Health: -10/158    AC: 27    Str: 31      XL:     20   Next: 62%
Magic:  37/37      EV:  8    Int:  9 (13) God:    Hepliaklqana [******]
Gold:   2910       SH: 22    Dex: 14      Spells: 19/19 levels left

rFire    + + .     SeeInvis +   G - +8 halberd of Raumotounu {holy, Int+3 Dex+4}
rCold    . . .     Faith    .   l - +2 kite shield {rPois}
rNeg     + + +     Spirit   .   s - +9 plate armour of Atheism {*Corrode rF+ MP+9 SInv}
rPois    +         Reflect  +   (helmet unavailable)
rElec    +         Harm     .   t - +2 cloak
rCorr    .         Rampage  .   (no gloves)
Will     +....                  p - +0 pair of boots
Stlth    ++........             n - amulet of reflection
HPRegen  0.36/turn              N - ring "Robeypom" {rElec rF+ rN+++ Will- Str+3}
MPRegen  0.25/turn              c - +4 ring of slaying

@: no status effects
A: reduced essence, permanent stasis, dig shafts and tunnels, antennae 3, four
strong arms
a: Dig, Renounce Religion, Recall Ancestor, Ancestor Identity, Transference,
Idealise


You were in an ice cave.
You worshipped Hepliaklqana.
Hepliaklqana was exalted by your worship.
You visited 4 branches of the dungeon, and saw 27 of its levels.
You also visited: Sewer, Gauntlet and Ice Cave.

You collected 2910 gold pieces.

Inventory:

Hand Weapons
 f - a +2 battleaxe of electrocution
 G - the +8 halberd of Raumotounu (weapon) {holy, Int+3 Dex+4}
   (You found it on level 10 of the Dungeon)

   It has been blessed by the Shining One to cause great damage to the undead
   and demons.
   Int:       It affects your intelligence (+3).
   Dex:       It affects your dexterity (+4).
 I - the +7 hunting sling of Foolhardiness {flame, rC+ Int+8}
   (You found it on level 10 of the Dungeon)

   Any ammunition fired from it burns those it strikes, dealing additional fire
   damage.
   Int:       It affects your intelligence (+8).
   rC:        It protects you from cold.
 M - the +3 Elemental Staff {rElec rF++ rC++ Will++ AC+5}
   (You found it in a Gauntlet)

   If the wielder is skilled in Evocations, they can discharge powerful blasts
   of elemental energy when striking with it.
   It enhances your fire, ice, earth and air magic.
   AC:        It affects your AC (+5).
   rF:        It greatly protects you from fire.
   rC:        It greatly protects you from cold.
   rElec:     It insulates you from electricity.
   Will:      It greatly increases your willpower.
Missiles
 r - a curare-tipped dart
 P - 11 silver javelins
Armour
 l - a +2 kite shield of poison resistance (worn)
 p - a +0 pair of boots (worn)
 s - the +9 plate armour of Atheism (worn) {*Corrode rF+ MP+9 SInv}
   (You found it on level 6 of the Dungeon)

   rF:        It protects you from fire.
   MP:        It affects your magic capacity (+9).
   SInv:      It lets you see invisible.
   *Corrode:  It may corrode you when you take damage.
 t - a +2 cloak (worn)
Jewellery
 c - a +4 ring of slaying (right hand)
 d - an amulet of guardian spirit
 n - an amulet of reflection (around neck)
 D - a +6 ring of strength
 N - the ring "Robeypom" (left hand) {rElec rF+ rN+++ Will- Str+3}
   (You found it in a Gauntlet)

   [ring of protection from fire]

   Str:       It affects your strength (+3).
   rF:        It protects you from fire.
   rElec:     It insulates you from electricity.
   rN:        It renders you almost immune to negative energy.
   Will:      It decreases your willpower.
Wands
 b - a wand of paralysis (8)
 e - a wand of mindburst (13)
 w - a wand of iceblast (26)
 Q - a wand of flame (70)
 R - a wand of charming (10)
 X - a wand of polymorph (16)
Scrolls
 g - 7 scrolls of fear
 h - 4 scrolls of fog
 k - 3 scrolls of summoning
 m - 4 scrolls of enchant armour
 A - 3 scrolls of holy word
 F - a scroll of silence
 O - 3 scrolls of immolation
 W - 4 scrolls of identify
Potions
 a - 7 potions of flight
 i - 2 potions of invisibility
 j - 4 potions of mutation
 q - 7 potions of curing
 u - a potion of ambrosia
 v - a potion of magic
 x - 2 potions of cancellation
 H - a potion of resistance
 J - 3 potions of lignification
 K - a potion of might
 Z - 3 potions of attraction
Miscellaneous
 L - a phial of floods
 U - a condenser vane


   Skills:
 - Level 20.0 Fighting
 - Level 3.5 Long Blades
 - Level 3.2(11.6) Axes
 * Level 16.5(16.6) Polearms
 - Level 8.0 Armour
 - Level 15.0 Stealth
 + Level 15.5 Shields
 + Level 10.9 Invocations
 - Level 10.0 Evocations


You had 19 spell levels left.
You didn't know any spells.
Your spell library contained the following spells:

 Spells                   Type           Power      Damage    Failure   Level
 Magic Dart               Conj           0%         1d3       97%         1
 Sandblast                Erth           0%         2d4       97%         1
 Shock                    Conj/Air       0%         1d3       97%         1
 Sting                    Tmut/Pois      0%         1d3       97%         1
 Summon Small Mammal      Summ           0%         N/A       97%         1
 Passwall                 Tmut/Erth      0%         N/A       99%         2
 Poisonous Vapours        Pois/Air       0%         N/A       99%         2
 Searing Ray              Conj           0%         3d3       99%         2
 Slow                     Hex            0%         N/A       99%         2
 Call Canine Familiar     Summ           0%         N/A       100%        3
 Confusing Touch          Hex            0%         N/A       100%        3
 Dazzling Flash           Conj/Hex       0%         N/A       100%        3
 Gell's Gravitas          Tloc           0%         N/A       100%        3
 Ozocubu's Armour         Ice            0%         N/A       100%        3
 Summon Guardian Golem    Hex/Summ       0%         N/A       100%        3
 Teleport Other           Tloc           0%         N/A       100%        3
 Tukima's Dance           Hex            0%         N/A       100%        3
 Airstrike                Air            0%         N/A       100%        4
 Animate Armour           Summ/Erth      0%         N/A       100%        4
 Animate Dead             Necr           0%         N/A       100%        4
 Fulminant Prism          Conj/Hex       0%         3d6       100%        4
 Iskenderun's Mystic Bla  Conj/Tloc      0%         2d3       100%        4
 Leda's Liquefaction      Hex/Erth       0%         N/A       100%        4
 Olgreb's Toxic Radiance  Pois           0%         N/A       100%        4
 Passage of Golubria      Tloc           N/A        N/A       100%        4
 Blade Hands              Tmut           0%         N/A       100%        5
 Bolt of Magma            Conj/Fire/Erth 0%         4d4       100%        5
 Borgnjor's Vile Clutch   Necr/Erth      0%         N/A       100%        5
 Manifold Assault         Tloc           0%         N/A       100%        5
 Yara's Violent Unravell  Hex/Tmut       0%         3d3       100%        5
 Death Channel            Necr           0%         N/A       100%        6
 Dispersal                Tloc           0%         N/A       100%        6
 Iron Shot                Conj/Erth      0%         9d1       100%        6
 Starburst                Conj/Fire      0%         6d3       100%        6
 Statue Form              Tmut/Erth      0%         N/A       100%        6
 Malign Gateway           Summ/Tloc      0%         N/A       100%        7
 Ozocubu's Refrigeration  Ice            0%         4d5       100%        7
 Storm Form               Tmut/Air       0%         N/A       100%        7
 Summon Horrible Things   Summ           0%         N/A       100%        8
 Shatter                  Erth           0%         3d5*      100%        9
 Blink                    Tloc           Unusable   N/A       N/A         2
 Swiftness                Air            Unusable   N/A       N/A         3

Dungeon Overview and Level Annotations

Branches:
Dungeon (15/15)            Temple (0/1) D:4            Lair (6/6) D:11
 Shoals (0/4) Lair:3       Spider (4/4) Lair:2        Slime (0/5) Lair:6
    Orc (2/2) D:11            Elf (0/3) Orc:2        Vaults (0/5) D:13
 Depths (0/5) D:15          Sewer (visited)           IceCv (1/1)
Gauntlet (visited)

Altars:
Dithmenos
Elyvilon
Gozag
Hepliaklqana
Kikubaaqudgha
Okawaru
Wu Jian
Xom
Jiyva

Shops:
D:2 [   D:4 [   D:12 [   Orc:2 :=**

Annotations:
IceCv exclusion: orange crystal statue


Innate Abilities, Weirdness & Mutations

Your life essence is reduced to manifest your ancestor. (-10% HP)
You cannot be hasted, slowed, berserked, paralysed or teleported.
You can dig through walls and to a lower floor.
You have a pair of large antennae on your head. (SInv)
Your four strong arms can wield two-handed weapons with a shield.


Message History

Aim: an azure jelly (moderately wounded, about 22% to evade the +8 halberd of Raumotounu)
You hit the azure jelly.
The azure jelly is moderately wounded.
The azure jelly hits you but does no damage.
You block the azure jelly's attack. x2; The azure jelly hits you!
Reach: G) +8 halberd of Raumotounu {holy, Int+3 Dex+4}
Press: ? - help, Dir - move target, f/p - azure jelly
Aim: an azure jelly (moderately wounded, about 22% to evade the +8 halberd of Raumotounu)
You barely miss the azure jelly.
The azure jelly is moderately wounded.
You block the azure jelly's attack. The azure jelly hits you.
The azure jelly freezes you!!! You block the azure jelly's attack.
The azure jelly hits you but does no damage.
Okay, then.
Okay, then.
You are too injured to fight recklessly!
Aiming: Throw Flame
Press: ? - help, Shift-Dir - straight line, f/p - azure jelly
Aim: an azure jelly (moderately wounded, 78% to hit)
The puff of flame hits the azure jelly!
The azure jelly is burned terribly!
The azure jelly is moderately wounded.
The azure jelly hits you but does no damage.
You block the azure jelly's attack.
The azure jelly hits you but does no damage. x2
Okay, then.
Press: ? - help, v - describe, . - travel
Here: an azure jelly (moderately wounded)
The floor.
Unknown command.
Okay, then.
Okay, then.
Unknown command.
You completely miss the azure jelly.
The azure jelly is moderately wounded.
The azure jelly hits you. The azure jelly freezes you!!
* * * LOW HITPOINT WARNING * * *
The azure jelly hits you.
* * * LOW HITPOINT WARNING * * *
The azure jelly freezes you!!
You die...

.. ... .. #...
.....#. { .#._... {
..... { J..#...
##J...... #### #@#J
######.... #.#
###.........
#.#####.......####
#...........### #
########....### #
##.....###....#######
#........###.........
#.....#..............
#.....##....####....#


You could see an azure jelly and a quicksilver ooze.

Vanquished Creatures
  Nikola (Spider:1)
  Kirke (Lair:6)
  The ghost of Rod Caur the Severer, an adept HOFi of Beogh (Spider:3)
  A rockslime (IceCv)
  Donald (Spider:3)
  2 tengu reavers (D:15)
  Roxanne (Spider:1)
  6 ghost moths
  An emperor scorpion (Spider:4)
  Louise (Spider:1)
  2 quicksilver oozes (IceCv)
  The ghost of Cicylist the Cleaver, a journeyman FoFi of Okawaru (D:14)
  Nessos (Orc:2)
  A minotaur (Gauntlet)
  Josephine (Lair:5)
  An ettin (D:15)
  2 fire dragons
  2 naga warriors (D:12)
  2 vault guards (D:13)
  5 boulder beetles
  An anaconda (Lair:4)
  4 centaur warriors
  6 hydras
  2 death knights
  A catoblepas (Lair:5)
  2 two-headed ogres
  2 orc high priests (Orc:2)
  7 death yaks
  6 dancing weapons (Spider:1)
  4 tengu warriors
  5 skeletal warriors
  2 deep trolls (D:15)
  2 orange crystal statues (IceCv)
  A lindwurm (Lair:6)
  3 orc knights
  2 orc sorcerers (Orc:2)
  19 wolf spiders
  A wizard (D:15)
  21 orb spiders
  10 ugly things
  4 oklob plants
  3 deep elf pyromancers (D:15)
  2 moths of wrath (Spider:3)
  4 cyclopes
  10 slime creatures
  A manticore (D:13)
  5 black mambas
  An eye of devastation (Gauntlet)
  A guardian serpent (shapeshifter) (D:14)
  4 elephants
  23 cane toads
  A torpor snail (shapeshifter) (Gauntlet)
  A freezing wraith (D:12)
  3 torpor snails
  A kobold demonologist (D:11)
  9 rime drakes
  2 efreet (D:14)
  4 komodo dragons
  2 yaktaurs (D:15)
  3 demonic crawlers
  2 entropy weaver simulacra (IceCv)
  An ice devil (Gauntlet)
  A tengu conjurer (D:14)
  3 trolls
  28 jumping spiders
  A tyrant leech (Lair:6)
  A polar bear (Lair:4)
  6 hornets
  A blink frog (shapeshifter) (D:15)
  Sigmund (D:5)
  15 blink frogs
  2 shadows
  63 redbacks
  A tarantella (shapeshifter) (D:13)
  6 wraiths
  32 tarantellas
  54 yaks
  A yak (shapeshifter) (Gauntlet)
  11 wyverns
  A hog (shapeshifter) (D:14)
  A golden eye (Gauntlet)
  5 basilisks
  9 humans (D:13)
  2 steam dragons (D:10)
  12 vampire mosquitoes
  3 wargs
  2 demonic crawler simulacra (IceCv)
  13 water moccasins
  2 acid dragons
  Duvessa (D:4)
  19 orc warriors
  A sky beast (D:7)
  An ice beast (D:6)
  A black bear (Lair:1)
  An ugly thing simulacrum (IceCv)
  An ogre (D:4)
  3 centaurs
  19 wolves
  A kobold brigand (D:11)
  13 bullfrogs
  A scorpion (D:5)
  Dowan (D:4)
  2 gnoll sergeants
  A water moccasin skeleton (D:6)
  5 electric eels
  A howler monkey (D:7)
  4 lava snakes
  A crimson imp (D:6)
  4 centaur zombies
  A jelly (D:5)
  10 orc priests
  A bullfrog skeleton (D:5)
  A hound (D:3)
  5 iguanas
  16 orc wizards
  5 hell rats (Lair:5)
  A killer bee zombie (D:7)
  A hound skeleton (D:4)
  2 howler monkey zombies (D:9)
  12 gnolls
  9 adders
  A river rat (D:4)
  A shadow imp (D:7)
  7 white imps
  An adder skeleton (D:4)
  3 worms
  2 dart slugs
  44 orcs
  10 ball pythons
  11 endoplasms
  2 giant cockroaches
  6 hobgoblins
  7 jackals
  11 kobolds
  5 quokkas
  5 bats
  4 goblins
  A rat (D:2)
765 creatures vanquished.

Vanquished Creatures (collateral kills)
  Arachne (Spider:2)
  2 ghost moths (Spider:4)
  3 emperor scorpions
  A quicksilver ooze (IceCv)
  A stone giant (D:10)
  2 entropy weavers (Spider:4)
  A spark wasp (Spider:4)
  Snorg (Orc:2)
  5 hydras
  A catoblepas (Lair:6)
  A two-headed ogre (Orc:1)
  A centaur warrior (D:10)
  The ghost of vatarom the Zephyrmancer, a journeyman TeAE of Vehumet (D:12)
  A dancing weapon (Spider:1)
  2 orc high priests (Orc:2)
  2 skeletal warriors
  11 orb spiders
  3 orc knights (Orc:2)
  A lindwurm (shapeshifter) (Gauntlet)
  A deep elf archer (D:12)
  A lindwurm (Lair:6)
  A wizard (D:15)
  A deep elf zephyrmancer (D:10)
  An oklob plant (Lair:3)
  12 wolf spiders
  2 cyclopes
  A wolf spider (shapeshifter) (Gauntlet)
  5 ugly things
  3 orc sorcerers (Orc:2)
  A black mamba (Lair:6)
  2 torpor snails
  4 elephants (Lair:5)
  9 cane toads
  3 rime drakes (Lair:5)
  A demonic crawler (Spider:4)
  3 komodo dragons
  A very ugly thing simulacrum (IceCv)
  2 trolls
  3 tyrant leeches (Lair:6)
  20 jumping spiders
  8 blink frogs
  7 slime creatures
  4 hornets
  20 redbacks
  A vampire (D:14)
  15 yaks
  4 wyverns
  2 basilisks
  A hog (Lair:6)
  A human (D:13)
  20 tarantellas
  A human (shapeshifter) (D:9)
  A fire elemental (D:14)
  4 vampire mosquitoes
  2 wargs
  A water moccasin (Lair:4)
  7 orc warriors
  A hell hound (Lair:5)
  2 sky beasts
  A hornet zombie (D:7)
  An ugly thing simulacrum (IceCv)
  An ogre (D:6)
  A black bear (Lair:3)
  8 wolves
  3 centaurs (D:10)
  A kobold brigand (D:6)
  5 bullfrogs
  A gnoll sergeant (D:9)
  A water moccasin skeleton (D:5)
  An electric eel (Lair:6)
  3 howler monkeys
  A centaur zombie (D:9)
  A bullfrog zombie (D:5)
  2 hounds
  10 orc priests
  An iguana (D:7)
  A scorpion zombie (D:5)
  12 orc wizards
  A hell rat (Lair:5)
  A centaur simulacrum (D:9)
  A hound skeleton (D:5)
  7 gnolls
  6 adders
  22 orcs
  4 ball pythons
  6 bats (Sewer)
  2 giant cockroaches
  2 quokkas
  2 goblins (D:3)
  9 kobolds
  A rat (D:3)
339 creatures vanquished.

Vanquished Creatures (others)
  A boulder beetle (Spider:1)
  A wizard (D:10)
  2 orb spiders (Spider:1)
  An entropy weaver simulacrum (IceCv)
  4 jumping spiders (Spider:1)
  2 tarantellas (Spider:1)
  A redback (Spider:3)
  3 humans (Lair:6)
  A demonic crawler simulacrum (IceCv)
  An orc warrior (Orc:2)
  An orc wizard (D:6)
  17 knights
  A demonic plant (Gauntlet)
  59 fungi
  126 plants
  A withered plant (D:14)
222 creatures vanquished.

Grand Total: 1326 creatures vanquished

Notes
Turn   | Place    | Note
-------+----------+-------------------------------------------
     0 | D:1      | Crownlay the Formicid Fighter began the quest for the Orb.
     0 | D:1      | Reached XP level 1. HP: 18/18 MP: 1/1
    33 | D:1      | Reached XP level 2. HP: 22/24 MP: 2/2
   738 | D:1      | Reached XP level 3. HP: 29/29 MP: 3/3
  1035 | D:2      | Found a faded altar of an unknown god.
  1048 | D:2      | Became a worshipper of Hepliaklqana the Forgotten
  1048 | D:2      | Reached * piety under Hepliaklqana
  1203 | D:2      | Reached XP level 4. HP: 33/33 MP: 4/4
  1502 | D:2      | Found Desy's Antique Armour Shop.
  1548 | D:2      | Reached skill level 4 in Fighting
  1548 | D:2      | Reached XP level 5. HP: 26/37 MP: 5/5
  1995 | D:3      | Found an ancient bone altar of Kikubaaqudgha.
  2416 | D:3      | Reached skill level 5 in Shields
  2514 | D:4      | Reached ** piety under Hepliaklqana
  2516 | D:4      | Remembered your ancestor Aahotepre as a knight
  2521 | D:4      | Found Wycypnes's Armour Emporium.
  2546 | D:4      | Found a staircase to the Ecumenical Temple.
  2546 | D:4      | Noticed an ogre
  2552 | D:4      | Killed an ogre
  2553 | D:4      | Reached skill level 5 in Fighting
  2553 | D:4      | Reached XP level 6. HP: 33/45 MP: 6/6
  2624 | D:4      | Found a glowing drain.
  2629 | Sewer    | Entered a sewer
  3574 | D:4      | Reached skill level 6 in Fighting
  3581 | D:4      | Found an opulent altar of Gozag.
  3932 | D:4      | Noticed Dowan
  3934 | D:4      | Noticed Duvessa
  3956 | D:4      | Killed Duvessa
  3957 | D:4      | Reached XP level 7. HP: 28/53 MP: 7/7
  3966 | D:4      | Killed Dowan
  4321 | D:5      | Entered Level 5 of the Dungeon
  4327 | D:5      | Reached skill level 7 in Fighting
  4489 | D:5      | Reached XP level 8. HP: 60/60 MP: 8/8
  4591 | D:5      | Reached *** piety under Hepliaklqana
  4784 | D:5      | Noticed Sigmund
  4789 | D:5      | Killed Sigmund
  4790 | D:5      | Reached skill level 8 in Fighting
  5069 | D:5      | Found an ornate altar of the Wu Jian Council.
  5078 | D:5      | Found a shadowy altar of Dithmenos.
  5264 | D:6      | Reached skill level 9 in Fighting
  5425 | D:6      | Reached XP level 9. HP: 65/69 MP: 9/9
  5943 | D:6      | Reached skill level 10 in Fighting
  6028 | D:6      | Identified the +9 plate armour of Atheism {*Corrode rF+
                  | MP+9 SInv}
  6427 | D:6      | Found a white marble altar of Elyvilon.
  6721 | D:7      | Noticed a hornet
  6733 | D:7      | Killed a hornet
  7734 | D:8      | Noticed a cyclops
  7744 | D:8      | Killed a cyclops
  7745 | D:8      | Reached skill level 1 in Polearms
  7745 | D:8      | Reached skill level 10 in Shields
  7745 | D:8      | Reached XP level 10. HP: 74/77 MP: 10/10
  7831 | D:8      | Reached skill level 5 in Armour
  8138 | D:8      | Reached **** piety under Hepliaklqana
  9425 | D:9      | Identified the +10 long sword "Alal" {freeze, Dex+5}
  9469 | D:9      | Reached skill level 1 in Long Blades
  9469 | D:9      | Reached XP level 11. HP: 82/82 MP: 11/11
  9484 | D:9      | Noticed a centaur warrior
  9486 | D:9      | Noticed a cyclops
  9492 | D:9      | Killed a centaur warrior
  9496 | D:9      | Killed a cyclops
 10002 | D:9      | Found a faded altar of an unknown god.
 10002 | D:9      | Found a faded altar of an unknown god.
 10002 | D:9      | Found a faded altar of an unknown god.
 10004 | D:9      | Found a hazy altar of Hepliaklqana.
 10056 | D:10     | Entered Level 10 of the Dungeon
 10061 | D:10     | Noticed a brown ugly thing
 10069 | D:10     | Killed a brown ugly thing
 10071 | D:10     | Noticed a stone giant
 10082 | D:10     | Killed a stone giant
 10104 | D:10     | Identified the +8 halberd of Raumotounu {holy, Int+3 Dex+4}
 10396 | D:10     | Identified the +7 hunting sling of Foolhardiness {flame,
                  | rC+ Int+8}
 10397 | D:10     | Noticed a wizard
 10405 | D:10     | Killed a wizard
 10440 | D:10     | Reached ***** piety under Hepliaklqana
 10707 | D:10     | Noticed a cyan ugly thing
 10707 | D:10     | Noticed a deep elf zephyrmancer
 10707 | D:10     | Noticed a green ugly thing
 10708 | D:10     | Noticed a centaur warrior
 10724 | D:10     | HP: 3/82 [white ugly thing (27)]
 10728 | D:10     | Killed a white ugly thing
 10735 | D:10     | Killed a green ugly thing
 10736 | D:10     | Reached skill level 5 in Polearms
 10736 | D:10     | Killed a centaur warrior
 10741 | D:10     | Killed a deep elf zephyrmancer
 11284 | D:11     | Reached XP level 12. HP: 87/89 MP: 12/12
 11316 | D:11     | Noticed a boulder beetle
 11332 | D:11     | Killed a boulder beetle
 11334 | D:11     | Noticed a two-headed ogre
 11343 | D:11     | Killed a two-headed ogre
 11355 | D:11     | Found a staircase to the Lair.
 11372 | D:11     | Found a gate leading to a gauntlet.
 11382 | Gauntlet | Entered a Gauntlet
 11382 | Gauntlet | Found a runed translucent door.
 11382 | Gauntlet | Found a transporter.
 11382 | Gauntlet | Found a runed translucent door.
 11382 | Gauntlet | Found a transporter.
 11515 | Gauntlet | Found a transporter.
 11516 | Gauntlet | Found a transporter.
 11519 | Gauntlet | Noticed a catoblepas
 11523 | Gauntlet | Found a transporter.
 11527 | Gauntlet | Found a transporter.
 11535 | Gauntlet | Found a transporter.
 11535 | Gauntlet | Noticed a death drake
 11535 | Gauntlet | a cyclops changed into a death drake
 11552 | Gauntlet | Found a transporter.
 11560 | Gauntlet | Noticed a wretched star
 11567 | Gauntlet | Found a transporter.
 11571 | Gauntlet | Found a transporter.
 11571 | Gauntlet | Found the +3 Elemental Staff {rElec rF++ rC++ Will++ AC+5}
 11579 | Gauntlet | Found a transporter.
 11583 | Gauntlet | Found a transporter.
 11658 | Gauntlet | Noticed a deep troll
 11658 | Gauntlet | a slime creature changed into a deep troll
 11669 | Gauntlet | a deep troll changed into a floating eye
 11974 | Gauntlet | Noticed a death drake
 11974 | Gauntlet | a wind drake changed into a death drake
 11977 | Gauntlet | Noticed a death drake
 11977 | Gauntlet | a torpor snail changed into a death drake
 11982 | Gauntlet | a death drake changed into a water nymph
 11984 | Gauntlet | a death drake changed into a torpor snail
 11984 | Gauntlet | Noticed a glowing orange brain
 11984 | Gauntlet | a swamp worm changed into a glowing orange brain
 11988 | Gauntlet | Reached skill level 15 in Shields
 11990 | Gauntlet | a glowing orange brain changed into a water nymph
 11990 | Gauntlet | Noticed an anaconda
 11990 | Gauntlet | a water nymph changed into an anaconda
 11991 | Gauntlet | an anaconda changed into a wolf spider
 12245 | Gauntlet | Identified the ring "Robeypom" {rElec rF+ rN+++ Will-
                  | Str+3}
 12260 | Gauntlet | Noticed a minotaur
 12276 | Gauntlet | Killed a minotaur
 12290 | Gauntlet | Identified the +5 spear "Cang" {vorpal, Fly rElec rPois
                  | Str-4}
 12545 | D:11     | Found a staircase to the Orcish Mines.
 12740 | D:11     | Noticed a boulder beetle
 12745 | D:11     | Killed a boulder beetle
 12857 | D:11     | Identified the +3 ring mail of Slovenliness {Contam +Inv
                  | rCorr}
 13028 | D:11     | Reached skill level 10 in Polearms
 13123 | D:12     | Noticed a boulder beetle
 13124 | D:12     | Reached XP level 13. HP: 91/94 MP: 13/13
 13147 | D:12     | Killed a boulder beetle
 13229 | D:12     | Found a runed translucent gate.
 13229 | D:12     | Found a runed translucent gate.
 13501 | D:12     | Identified the +7 spear "Ikopil" {vorpal, Dex+5}
 13529 | D:12     | Found Qulyut's Antique Armour Shop.
 13777 | D:12     | Noticed a centaur warrior
 13778 | D:12     | Noticed a naga warrior
 13779 | D:12     | Noticed vatarom's ghost (journeyman TeAE)
 13781 | D:12     | Noticed a naga warrior
 13782 | D:12     | Found a runed translucent gate.
 13783 | D:12     | Found an iron altar of Okawaru.
 14072 | D:13     | Reached skill level 1 in Invocations
 14109 | D:13     | Reached skill level 11 in Fighting
 14319 | D:13     | Noticed a six-headed hydra
 14338 | D:13     | Killed a 15-headed hydra
 14770 | D:13     | Noticed a four-headed hydra
 14792 | D:13     | Killed an eight-headed hydra
 15249 | D:13     | Noticed a vault guard
 15252 | D:13     | Noticed a vault guard
 15257 | D:13     | Killed a vault guard
 16082 | D:13     | Killed a vault guard
 16264 | D:13     | Found a gate to the Vaults.
 16497 | Lair:1   | Entered Level 1 of the Lair of Beasts
 16751 | Lair:1   | Reached XP level 14. HP: 101/101 MP: 17/17
 17199 | Lair:1   | Reached skill level 5 in Invocations
 17511 | Lair:2   | Identified the +1 short sword "Zonez" {venom, rF+ Str+3}
 17907 | Lair:2   | Reached skill level 12 in Fighting
 18388 | Lair:2   | Found a hole to the Spider Nest.
 18873 | Lair:3   | Reached ****** piety under Hepliaklqana
 20146 | Lair:3   | Found a staircase to the Shoals.
 20910 | Lair:4   | Reached XP level 15. HP: 109/109 MP: 21/21
 21112 | Lair:4   | Reached skill level 15 in Polearms
 22137 | Lair:5   | Reached skill level 13 in Fighting
 22327 | Lair:5   | Reached skill level 1 in Stealth
 22409 | Lair:5   | Reached skill level 1 in Evocations
 22513 | Lair:5   | Noticed Josephine
 22522 | Lair:5   | Killed Josephine
 22864 | Lair:5   | Reached skill level 10 in Invocations
 23330 | Lair:6   | Entered Level 6 of the Lair of Beasts
 23410 | Lair:6   | Found a viscous altar of Jiyva.
 23410 | Lair:6   | Found a staircase to the Slime Pits.
 23539 | Lair:6   | Reached XP level 16. HP: 96/117 MP: 23/23
 23618 | Lair:6   | Noticed Kirke
 23628 | Lair:6   | Killed Kirke
 23629 | Lair:6   | Reached skill level 5 in Stealth
 23818 | Lair:6   | Reached skill level 14 in Fighting
 24220 | Lair:6   | Reached skill level 5 in Evocations
 25392 | Orc:1    | Entered Level 1 of the Orcish Mines
 26510 | Orc:2    | Entered Level 2 of the Orcish Mines
 26510 | Orc:2    | Noticed Nessos
 26515 | Orc:2    | Killed Nessos
 26845 | Orc:2    | Found a staircase to the Elven Halls.
 27592 | Orc:2    | Noticed Snorg
 27607 | Orc:2    | Killed Snorg
 27831 | Orc:2    | Reached skill level 15 in Fighting
 27840 | Orc:2    | Found Qorche's Assorted Antiques.
 28597 | Orc:2    | Found Kauruo's Jewellery Emporium.
 28604 | Orc:2    | Found Seadeapt's Book Emporium.
 28606 | Orc:2    | Found Kyonon's Assorted Antiques.
 29084 | D:12     | Killed vatarom's ghost
 30309 | D:14     | Found a runed translucent door.
 30309 | D:14     | Found the +5 sword of Power {vorpal}
 30310 | D:14     | Noticed Cicylist's ghost (journeyman FoFi)
 30439 | D:14     | Killed Cicylist's ghost
 30454 | D:14     | Reached XP level 17. HP: 110/127 MP: 24/24
 30811 | D:14     | Found a shimmering altar of Xom.
 30811 | D:14     | Found a shimmering altar of Xom.
 30811 | D:14     | Found a shimmering altar of Xom.
 30811 | D:14     | Found a shimmering altar of Xom.
 30812 | D:14     | Found a shimmering altar of Xom.
 30979 | D:14     | Reached skill level 10 in Stealth
 31191 | D:14     | Reached skill level 16 in Fighting
 31191 | D:14     | Reached XP level 18. HP: 135/135 MP: 25/25
 31205 | D:15     | Entered Level 15 of the Dungeon
 31775 | D:15     | Found a staircase to the Depths.
 32532 | D:15     | Found a runed translucent door.
 32944 | Spider:1 | Entered Level 1 of the Spider Nest
 33035 | Spider:1 | Identified Roxanne's Incunabulum of Stones
 33035 | Spider:1 | Noticed Roxanne
 33048 | Spider:1 | Killed Roxanne
 33534 | Spider:1 | Noticed Nikola
 33852 | Spider:1 | Killed Nikola
 34087 | Spider:1 | Found a runed translucent door.
 34107 | Spider:1 | Noticed Louise
 34125 | Spider:1 | Killed Louise
 34388 | Spider:1 | Reached XP level 19. HP: 143/143 MP: 26/26
 34407 | Spider:1 | Reached skill level 10 in Evocations
 34678 | Spider:1 | Reached skill level 17 in Fighting
 34840 | Spider:2 | Noticed Arachne
 34861 | Spider:2 | Killed Arachne
 34872 | Spider:2 | Reached skill level 15 in Stealth
 35655 | Spider:2 | Reached skill level 18 in Fighting
 36219 | Spider:3 | Noticed Donald
 36232 | Spider:3 | Killed Donald
 36889 | Spider:3 | Reached skill level 19 in Fighting
 36991 | Spider:3 | Found a runed translucent gate.
 36991 | Spider:3 | Found a runed translucent gate.
 36995 | Spider:3 | Noticed Rod Caur's ghost (adept HOFi)
 36996 | Spider:3 | Found a runed translucent gate.
 37036 | Spider:3 | Killed Rod Caur's ghost
 37260 | Spider:4 | Entered Level 4 of the Spider Nest
 37290 | Spider:4 | Reached XP level 20. HP: 113/156 MP: 8/27
 37325 | Spider:3 | HP: 6/156 [poisoned by a ghost moth]
 37795 | Spider:4 | Reached skill level 20 in Fighting
 37927 | Spider:4 | Found a frozen archway.
 37962 | IceCv    | Entered an ice cave
 38925 | IceCv    | Found a viscous altar of Jiyva.
 38947 | IceCv    | Mangled by an azure jelly

Illustrated notes

Levels and vault maps discovered:
D:1:      dpeg_arrival_oval, layout_basic
D:2:      layout_loops_ring, shapermc_ecumenical_altar_acropolis, serial_shops,
          nicolae_shop_temple_entry_statues_fountains
D:3:      layout_basic, nicolae_kikubaaqudgha_miasma_corner
D:4:      layout_basic, nicolae_gozag_cash_rules_everything_around_me,
          minmay_temple_entry_ruins, gup_sewer_entry_bowl, serial_shops,
          shop_fountains, chequers_serial_rivers_room_b, uniq_duvessa
D:5:      layout_cave_pools, mainiacjoe_overflow_swirl, minmay_strange_pillars,
          chequers_serial_rivers_small_b, roderic_lattice_a, uniq_sigmund
D:6:      layout_basic, overflow_temple_1_default, minmay_fire_ice_demons
D:7:      layout_loops_ring
D:8:      layout_basic
D:9:      layout_loops_ring, nicolae_hepliaklqana_ecumenical_no_more,
          minmay_radiant
D:10:     nzn_winding_woodlands_three_and_one
          [nzn_winding_woodlands_5x15_concentric,
          nzn_winding_woodlands_5x15_default, nzn_winding_woodlands_5x15_cabin,
          nzn_winding_woodlands_center_triple_pond], layout_irregular_city,
          solitary_fountain, kennysheep_island_fort
D:11:     layout_big_octagon, dpeg_oklobed_lair, david_orc_1_choice,
          gauntlet_entry_generic, kennysheep_generic_room_14
D:12:     layout_rooms, serial_shops, shop_statue,
          gammafunk_ghost_fury_of_okawaru
D:13:     layout_loops_ring, ximxim_vaults_locker_room
D:14:     layout_rooms, xom_redecorated, gammafunk_ghost_grave,
          kennysheep_potato
D:15:     hangedman_depths_entry_civil_slaughter, layout_loops_corners,
          nicolae_lava_and_water, minmay_hidden_floor
Lair:1:   minmay_lair_venomous_thicket, layout_misc_corridors,
          chequers_serial_rivers_micro_e
Lair:2:   layout_loops_ring, spider_nest_entry_funnel_web,
          infiniplex_staircase_pool_2, lemuel_fruit_tree
Lair:3:   layout_regular_city, elwin_shoals_entry_rooms, st_stairs_4,
          infiniplex_staircase_pool, minmay_lair_oklob_chamber
Lair:4:   beast_lair_carwin_large_3, layout_gridlike
Lair:5:   layout_hall_layers, special_room [special_room_mythical_zoo],
          beast_lair_carwin_11, uniq_josephine
Lair:6:   minmay_lair_end_frog_pond, layout_gridlike, slime_altar_1, uniq_kirke
Spider:1: cheibrodos_spider_deadly_dance, nicolae_spider_baby_got_redback,
          uniq_roxanne, uniq_nikola, uniq_louise
Spider:2: layout_spider_delve, nicolae_spider_some_kinda_spiderbox, uniq_arachne
Spider:3: layout_spider_delve, gammafunk_ghost_split, uniq_donald
Spider:4: johnstein_spider_rune_arachne_lair, portal_ice_cave_entry_ugly_swarm
Orc:1:    layout_caves
Orc:2:    st_orc_elflike, layout_diamond_mine, uniq_nessos, uniq_snorg
IceCv:    ice_cave_hellmonk_azure_passage

Skill      XL: |  1  2  3  4  5  6  7  8  9 10 11 12 13 14 15 16 17 18 19 20 |
---------------+-------------------------------------------------------------+-----
Shields        | 4 5 6 8 10 12 14 15 | 15.5
Axes           | 3 |  3.2
Fighting       | 4 5 6 7 9 10 11 12 13 15 16 19 20 | 20.0
Polearms       | 1 4 5 10 13 14 15 16 | 16.5
Armour         | 4 6 8 |  8.0
Long Blades    | 1 3 |  3.5
Invocations    | 4 8 10 | 10.9
Stealth        | 4 9 10 13 15 | 15.0
Evocations     | 3 7 8 9 10 | 10.0

Action                   |  1- 3 |  4- 6 |  7- 9 | 10-12 | 13-15 | 16-18 | 19-21 || total
-------------------------+-------+-------+-------+-------+-------+-------+-------++-------
Melee: War axe           |    65 |     3 |       |       |       |       |       ||    68
       Halberd           |       |   152 |   181 |   319 |   825 |   804 |   626 ||  2907
       Long sword        |       |       |       |    37 |       |       |       ||    37
Throw: Throwing net      |       |       |       |       |       |     1 |       ||     1
       Dart              |       |       |       |       |       |       |     1 ||     1
Invok: Ancestor Life: Kn |       |     1 |       |       |       |       |       ||     1
       Ancestor Identity |       |     1 |       |       |       |       |       ||     1
       Recall Ancestor   |       |       |     1 |       |       |       |     1 ||     2
       Transference      |       |       |       |     1 |       |       |       ||     1
 Abil: Dig               |       |     7 |     2 |     4 |     6 |    22 |    10 ||    51
Evoke: Wand              |       |       |       |       |    35 |     4 |     2 ||    41
       Lightning rod     |       |       |       |       |     1 |       |       ||     1
       Condenser vane    |       |       |       |       |     1 |     1 |       ||     2
  Use: Scroll            |       |     4 |     3 |    10 |     6 |     6 |     3 ||    32
       Potion            |       |     1 |       |     3 |     1 |     2 |     7 ||    14
 Stab: Distracted        |       |       |       |     8 |     4 |     5 |    12 ||    29
       Petrified         |       |       |       |       |     2 |       |       ||     2
       Held in net/web   |       |       |       |       |       |     1 |       ||     1
Armor: Scale mail        |    37 |    71 |     2 |       |       |       |       ||   110
       Ring mail         |       |       |    49 |       |       |       |       ||    49
       Plate armour      |       |       |    64 |   146 |   305 |   162 |   282 ||   959
Dodge: Dodged            |    37 |    92 |    74 |    70 |   142 |    85 |   116 ||   616
Block: Kite shield       |       |       |       |   142 |   421 |   308 |   439 ||  1310
       Rpst.: Long sword |       |       |       |     2 |       |       |       ||     2
